 Dungeon Crawl Stone Soup version 0.28.0-53-g5a82cb258f (webtiles) character file.

Game seed: 6640897350818015933

49 H0rd4k the Charlatan (level 4, 0/32 HPs)
             Began as a Human Artificer on July 21, 2022.
             Slain by a wight
             ... wielding a +2 battleaxe
              (10 damage)
             ... on level 3 of the Dungeon.
             The game lasted 00:01:56 (2420 turns).

H0rd4k the Charlatan (Human Artificer)              Turns: 2420, Time: 00:01:57

Health: 0/32       AC:  3    Str: 12    XL:     4   Next: 1%
Magic:  4/4        EV: 11    Int: 13    God:
Gold:   46         SH:  0    Dex: 14    Spells: 3/3 levels left

rFire   . . .      SeeInvis .   g - +0 mace
rCold   . . .      Faith    .   (no shield)
rNeg    . . .      Spirit   .   b - +0 leather armour
rPois   .          Reflect  .   (no helmet)
rElec   .          Harm     .   (no cloak)
rCorr   .          Rampage  .   (no gloves)
Will    .....                   (no boots)
Stlth   +.........              (no amulet)
HPRegen 0.10/turn               (no ring)
MPRegen 0.09/turn               (no ring)

@: no status effects
A: no striking features
a: no special abilities


You were on level 3 of the Dungeon.
You visited 1 branch of the dungeon, and saw 3 of its levels.

You collected 46 gold pieces.

Inventory:

Hand Weapons
 g - a +0 mace (weapon)
Missiles
 l - 4 poisoned darts (quivered)
Armour
 b - a +0 leather armour (worn)
 h - an orb of guile
Jewellery
 o - a ring of ice
Wands
 c - a wand of flame (11)
 d - a wand of charming (12)
Scrolls
 f - a scroll of silence {unknown}
 i - a scroll of fog {unknown}
 j - a scroll of enchant weapon {unknown}
 m - a scroll of vulnerability {unknown}
Potions
 a - 2 potions of attraction {unknown}
 k - a potion of curing
 n - a potion of mutation {unknown}
Miscellaneous
 e - a piece from Xom's chessboard (15/15)


   Skills:
 + Level 1.2 Fighting
 + Level 0.9 Maces & Flails
 - Level 2.0 Armour
 + Level 1.2 Dodging
 - Level 1.0 Stealth
 + Level 4.2 Evocations


You had 3 spell levels left.
You didn't know any spells.
Your spell library contained the following spells:

 Spells                   Type           Power      Damage    Failure   Level
 Call Canine Familiar     Summ           0%         N/A       75%         3
 Portal Projectile        Hex/Tloc       0%         N/A       75%         3
 Leda's Liquefaction      Hex/Erth       0%         N/A       98%         4


Dungeon Overview and Level Annotations

Branches:
Dungeon (3/15)

Altars:

Annotations:
D:3 3 runed translucent doors, MissingN0's ghost, amateur MiBe


Message History

r - Retreat! s - Stop attacking. g - Guard the area. f - Follow me.
Anything else - Cancel.
Guard this area!
Your wight hits the wight with a +0 morningstar.
An endoplasm and a hobgoblin come into view.
Found 11 gold pieces.
The wight hits your wight but does no damage.
Your wight hits the wight with a +0 morningstar.
Found an escape hatch in the floor.
The hobgoblin shouts!
The wight hits your wight with a +0 mace!
Your wight is destroyed!
Your life force feels restored.
You have reached level 4!
You feel agile.
Found a scroll labelled JALURIECZY.
The endoplasm freezes you.
You are frozen.
Found 26 arrows.
MissingN0's ghost turns its malevolent gaze towards you.
You hear an angry hiss.
You hear a shout!
Found a runed translucent gate.
The frilled lizard hisses angrily.
The frilled lizard hisses.
Found 20 bolts.
MissingN0's ghost screams in joy, "As in life, so in death: Kill!
Kill!!
Kill!!!"
Found a scale mail.
A ball python comes into view.
The ball python hisses angrily.
The ball python bites you. The ball python closely misses you.
The ball python bites you. The ball python closely misses you.
A wight comes into view. It is wielding a +2 battleaxe.
Found a rapier.
A wight comes into view.
It is wielding a +1 falchion of freezing.
The wight barely misses you.
You completely miss the wight. The endoplasm freezes you.
You are frozen.
The wight hits you with a +2 battleaxe!
You die...

#...((..#............).....<.#.
#.......#........................
#.......#...........<............
#.......#........................
#.......#........................
#.....lr#.........##.............
###+++###...####.###.............
z...........###S.###.#...........
..........z.z.gJ@.##.#.......
.........###...##z.#.#.....<.
.........# #..## ............
................ .z#>##......
..............[..... ).
.................#..# #.
.....................
....##.#####...


You could see 4 wights, an endoplasm, a hobgoblin and a ball python.

Vanquished Creatures
  A worm (D:2)
  2 dart slugs
  2 ball pythons
  3 endoplasms
  A giant cockroach (D:2)
  4 bats
  2 frilled lizards
  4 goblins
  4 kobolds
  6 rats (D:1)
29 creatures vanquished.

Vanquished Creatures (others)
  Sigmund (D:3)
  A wight (D:3)
2 creatures vanquished.

Grand Total: 31 creatures vanquished

Notes
Turn   | Place    | Note
-------+----------+-------------------------------------------
     0 | D:1      | H0rd4k the Human Artificer began the quest for the Orb.
     0 | D:1      | Reached XP level 1. HP: 15/15 MP: 1/1
   197 | D:1      | Reached XP level 2. HP: 21/21 MP: 2/2
   226 | D:1      | Found a faded altar of an unknown god.
  1242 | D:2      | Reached XP level 3. HP: 26/26 MP: 3/3
  1382 | D:2      | Reached skill level 4 in Evocations
  1520 | D:2      | HP: 1/26 [worm (6)]
  2342 | D:3      | Noticed Sigmund
  2354 | D:3      | Noticed a wight
  2355 | D:3      | Noticed a wight
  2355 | D:3      | Noticed a wight
  2377 | D:3      | Your ally Sigmund died
  2398 | D:3      | Reached XP level 4. HP: 18/32 MP: 4/4
  2400 | D:3      | Noticed MissingN0's ghost (amateur MiBe)
  2402 | D:3      | Found a runed translucent gate.
  2402 | D:3      | Found a runed translucent gate.
  2402 | D:3      | Found a runed translucent gate.
  2420 | D:3      | Slain by a wight

Illustrated notes

Levels and vault maps discovered:
D:1:      onia_arrival_pentagram, layout_basic,
          dilly_ecumenical_altar_fadedgnrine
D:2:      layout_loops_ring
D:3:      layout_rooms, nicolae_overflow_crystal_walls, gammafunk_ghost_split,
          serial_shops, shop_coins, uniq_sigmund

Skill      XL: |  1  2  3 |
---------------+----------+-----
Evocations     | 4 |  4.2
Fighting       | |  1.2
Maces & Flails | |  0.9
Armour         | |  2.0
Dodging        | |  1.2
Stealth        | |  1.0

Action                   |  1- 3 |  4- 6 || total
-------------------------+-------+-------++-------
Melee: Club              |    32 |       ||    32
       Punch             |     2 |       ||     2
       Mace              |    53 |     1 ||    54
Evoke: Wand              |     7 |       ||     7
 Stab: Sleeping          |     2 |       ||     2
       Distracted        |     1 |       ||     1
Armor: Leather armour    |    26 |       ||    26
Dodge: Dodged            |    65 |     3 ||    68
